TOP OF THE 1ST |
Hendersonville Hitmen batting - Pitching for Kalamazoo Royale with Cheese : LHP Octávio Ramírez
|
Pitching: LHP Octávio Ramírez
|
|
Batting: SHB Félix Montoya
|
0-0: SINGLE (Flyball, 7LM)
|
Batting: LHB Tommy Payne
|
0-0: Called Strike 0-1: Ball 1-1: Called Strike 1-2: SINGLE (Groundball, 6) (infield hit) Félix Montoya to second
|
Batting: LHB Robert Phillips
|
0-0: Ball Félix Montoya steals 3rd base Tommy Payne to second 1-0: Fly out, F8 (Flyball, 8LS) Runner from 3rd tags up, SCORES, no throw
|
Batting: RHB Felipe Jareño
|
0-0: SINGLE (Groundball, 4MD) Tommy Payne to third Runner from 3rd tries for Home, SAFE, no throw
|
Batting: SHB Rick Turner
|
0-0: Ball 1-0: Ball 2-0: Swinging Strike 2-1: Fly out, F4 (Popup, 34S)
|
Batting: RHB Ron Glass
|
0-0: Foul Ball, location: 2F 0-1: Ball 1-1: Ball 2-1: Foul Ball, location: 2F 2-2: Ball 3-2: Fly out, F8 (Flyball, 8LS)
|
Top of the 1st over - 2 runs, 3 hits, 0 errors, 1 left on base; Hendersonville 2 - Kalamazoo 0 |
BOTTOM OF THE 1ST |
Kalamazoo Royale with Cheese batting - Pitching for Hendersonville Hitmen : RHP Marcos Miranda
|
Pitching: RHP Marcos Miranda
|
|
Batting: RHB Millard Boyd
|
0-0: Ball 1-0: Ball 2-0: Ball 3-0: Called Strike 3-1: Called Strike 3-2: Base on Balls
|
Batting: LHB Gene Cooper
|
0-0: Ball 1-0: Ball 2-0: Ball 3-0: Called Strike 3-1: SINGLE (Line Drive, 9LS) Millard Boyd to second
|
Batting: SHB Caden Keith
|
0-0: Ball 1-0: Ball 2-0: Called Strike 2-1: Foul Ball, location: 2F 2-2: Strikes out swinging
|
Batting: LHB Roberto Sandoval
|
0-0: DOUBLE (Line Drive, 89D) Millard Boyd scores Gene Cooper to third
|
Batting: LHB Bob Smith
|
0-0: Ball 1-0: Ball 2-0: SINGLE (Groundball, 6MD) Gene Cooper scores Roberto Sandoval to third Runner from 3rd tries for Home, SAFE, no throw
|
Batting: LHB Donovan Bird
|
0-0: Called Strike 0-1: Foul Ball, location: 2F 0-2: SINGLE (Flyball, 8RS) Bob Smith to second
|
Batting: RHB Zander Tremblett
|
0-0: Swinging Strike 0-1: Ball 1-1: Ball 2-1: SINGLE (Flyball, 89S) Bob Smith to third Donovan Bird to second
|
Batting: LHB Bill McJannett
|
0-0: Ball 1-0: Ball 2-0: Ball 3-0: Foul Ball, location: 2F 3-1: Foul Ball, location: 2F 3-2: Strikes out swinging
|
Batting: RHB Eichiro Yamamoto
|
0-0: Fly out, F8 (Flyball, 8LM)
|
Bottom of the 1st over - 3 runs, 5 hits, 0 errors, 3 left on base; Hendersonville 2 - Kalamazoo 3 |
TOP OF THE 2ND |
Hendersonville Hitmen batting - Pitching for Kalamazoo Royale with Cheese : LHP Octávio Ramírez
|
Batting: LHB Milo Glenn
|
0-0: Ground out 5-3 (Groundball, 5L)
|
Batting: SHB José Estreito
|
0-0: Swinging Strike 0-1: Ball 1-1: Ground out 4-3 (Groundball, 4)
|
Batting: LHB Miguel García
|
0-0: Called Strike 0-1: Foul Ball, location: 2F 0-2: Ball 1-2: Ball 2-2: Ball 3-2: Foul Ball, location: 2F 3-2: Foul Ball, location: 2F 3-2: Strikes out looking
|
Top of the 2nd over - 0 runs, 0 hits, 0 errors, 0 left on base; Hendersonville 2 - Kalamazoo 3 |
BOTTOM OF THE 2ND |
Kalamazoo Royale with Cheese batting - Pitching for Hendersonville Hitmen : RHP Marcos Miranda
|
Batting: RHB Millard Boyd
|
0-0: Ball 1-0: Swinging Strike 1-1: Ball 2-1: Ball 3-1: Base on Balls
|
Batting: LHB Gene Cooper
|
0-0: Called Strike 0-1: Ball 1-1: Foul Ball, location: 2F 1-2: Fly out, F9 (Line Drive, 89D)
|
Batting: SHB Caden Keith
|
0-0: Called Strike 0-1: Swinging Strike 0-2: Foul Ball, location: 2F 0-2: Foul Ball, location: 2F 0-2: Foul Ball, location: 2F 0-2: Ball 1-2: Strikes out swinging
|
Batting: LHB Roberto Sandoval
|
0-0: Ball 1-0: Ball 2-0: Fly out, F8 (Line Drive, 89D)
|
Bottom of the 2nd over - 0 runs, 0 hits, 0 errors, 1 left on base; Hendersonville 2 - Kalamazoo 3 |
TOP OF THE 3RD |
Hendersonville Hitmen batting - Pitching for Kalamazoo Royale with Cheese : LHP Octávio Ramírez
|
Batting: SHB Félix Montoya
|
0-0: SINGLE (Groundball, 6MD)
|
Batting: LHB Tommy Payne
|
0-0: Ball Throwing error on steal attempt, E2 Félix Montoya to third 1-0: Called Strike 1-1: Ball 2-1: Fly out, F8 (Flyball, 8RS) Runner from 3rd tags up, SCORES, no throw
|
Batting: LHB Robert Phillips
|
0-0: Foul Ball, location: 2F 0-1: Ball 1-1: SINGLE (Groundball, 34D)
|
Batting: RHB Felipe Jareño
|
0-0: Ball Pickoff Throw to First - Out! 1-0: Called Strike 1-1: Called Strike 1-2: Ball 2-2: Foul Ball, location: 2F 2-2: Strikes out swinging
|
Top of the 3rd over - 1 run, 2 hits, 1 error, 0 left on base; Hendersonville 3 - Kalamazoo 3 |
BOTTOM OF THE 3RD |
Kalamazoo Royale with Cheese batting - Pitching for Hendersonville Hitmen : RHP Marcos Miranda
|
Batting: LHB Bob Smith
|
0-0: Called Strike 0-1: Called Strike 0-2: Ball 1-2: Foul Ball, location: 2F 1-2: Strikes out swinging
|
Batting: LHB Donovan Bird
|
0-0: Ball 1-0: Swinging Strike 1-1: Ball 2-1: Foul Ball, location: 2F 2-2: Foul Ball, location: 2F 2-2: Ball 3-2: Fly out, F8 (Line Drive, 89D)
|
Batting: RHB Zander Tremblett
|
0-0: Ball 1-0: Ball 2-0: SINGLE (Flyball, 8RS)
|
Batting: LHB Bill McJannett
|
0-0: Ball 1-0: Called Strike 1-1: Ball 2-1: Ball 3-1: Base on Balls Zander Tremblett to second
|
Batting: RHB Eichiro Yamamoto
|
0-0: Called Strike 0-1: Ball 1-1: Foul Ball, location: 2F 1-2: Fly out, F8 (Flyball, 89M)
|
Bottom of the 3rd over - 0 runs, 1 hit, 0 errors, 2 left on base; Hendersonville 3 - Kalamazoo 3 |
TOP OF THE 4TH |
Hendersonville Hitmen batting - Pitching for Kalamazoo Royale with Cheese : LHP Octávio Ramírez
|
Batting: SHB Rick Turner
|
0-0: Foul Ball, location: 2F 0-1: Fly out, F7 (Flyball, 7LM)
|
Batting: RHB Ron Glass
|
0-0: Ball 1-0: Ball 2-0: Ground out 6-3 (Groundball, 6)
|
Batting: LHB Milo Glenn
|
0-0: Called Strike 0-1: DOUBLE (Flyball, 8RXD)
|
Batting: SHB José Estreito
|
0-0: Called Strike 0-1: Called Strike 0-2: Foul Ball, location: 2F 0-2: Strikes out looking
|
Top of the 4th over - 0 runs, 1 hit, 0 errors, 1 left on base; Hendersonville 3 - Kalamazoo 3 |
BOTTOM OF THE 4TH |
Kalamazoo Royale with Cheese batting - Pitching for Hendersonville Hitmen : RHP Marcos Miranda
|
Batting: RHB Millard Boyd
|
0-0: Ball 1-0: Ball 2-0: Ground out 5-3 (Groundball, 56S)
|
Batting: LHB Gene Cooper
|
0-0: Ball 1-0: Foul Ball, location: 2F 1-1: Ball 2-1: Foul Ball, location: 2F 2-2: Strikes out swinging
|
Batting: SHB Caden Keith
|
0-0: Ball 1-0: Foul Ball, location: 2F 1-1: Ball 2-1: Fly out, F6 (Popup, 6D)
|
Bottom of the 4th over - 0 runs, 0 hits, 0 errors, 0 left on base; Hendersonville 3 - Kalamazoo 3 |
TOP OF THE 5TH |
Hendersonville Hitmen batting - Pitching for Kalamazoo Royale with Cheese : LHP Octávio Ramírez
|
Batting: LHB Miguel García
|
0-0: Ball 1-0: Called Strike 1-1: Ball 2-1: Ball 3-1: Fly out, F9 (Flyball, 9LS)
|
Batting: SHB Félix Montoya
|
0-0: Ball 1-0: Ball 2-0: SINGLE (Line Drive, 4MD)
|
Batting: LHB Tommy Payne
|
0-0: Ball Félix Montoya is caught stealing 2nd base 1-0: Called Strike 1-1: Ball 2-1: Fly out, F4 (Line Drive, 4)
|
Top of the 5th over - 0 runs, 1 hit, 0 errors, 0 left on base; Hendersonville 3 - Kalamazoo 3 |
BOTTOM OF THE 5TH |
Kalamazoo Royale with Cheese batting - Pitching for Hendersonville Hitmen : RHP Marcos Miranda
|
Batting: LHB Roberto Sandoval
|
0-0: Ball 1-0: SINGLE (Line Drive, 34)
|
Batting: LHB Bob Smith
|
0-0: Ball 1-0: Called Strike 1-1: 2-RUN HOME RUN (Flyball, 9LD), Distance : 362 ft
|
Batting: LHB Donovan Bird
|
0-0: Called Strike 0-1: Ball 1-1: Ball 2-1: Called Strike 2-2: Ball 3-2: Foul Ball, location: 2F 3-2: Foul Ball, location: 2F 3-2: SINGLE (Groundball, 34D)
|
Pitching: RHP Isaac Pope
|
|
Batting: RHB Zander Tremblett
|
0-0: SINGLE (Line Drive, 34) Donovan Bird to second Runner from 2nd tries for 3rd, SAFE, no throw
|
Pinch Runner at 3rd Marlon Phipps:
|
|
Batting: LHB Bill McJannett
|
0-0: Foul Ball, location: 2F 0-1: Foul Ball, location: 2F 0-2: Ball 1-2: Foul Ball, location: 2F 1-2: Fielders Choice at 2nd, 6-4 (Groundball, 56) Marlon Phipps scores
|
Batting: RHB Eichiro Yamamoto
|
0-0: Fly out, F7 (Flyball, 78XD)
|
Batting: RHB Millard Boyd
|
0-0: Ball Wild Pitch! Bill McJannett to second 1-0: Ball 2-0: Ball 3-0: Called Strike 3-1: Ground out 5-3 (Groundball, 56S)
|
Bottom of the 5th over - 3 runs, 4 hits, 0 errors, 1 left on base; Hendersonville 3 - Kalamazoo 6 |
TOP OF THE 6TH |
Hendersonville Hitmen batting - Pitching for Kalamazoo Royale with Cheese : LHP Octávio Ramírez
|
Batting: LHB Robert Phillips
|
0-0: Ball 1-0: Ball 2-0: Called Strike 2-1: Ball 3-1: Foul Ball, location: 2F 3-2: Foul Ball, location: 2F 3-2: Ground out U3 (Groundball, 3)
|
Batting: RHB Felipe Jareño
|
0-0: Called Strike 0-1: Called Strike 0-2: Ball 1-2: Strikes out swinging
|
Batting: SHB Rick Turner
|
0-0: Foul Ball, location: 2F 0-1: Ball 1-1: Ball 2-1: Ground out 6-3 (Groundball, 6)
|
Top of the 6th over - 0 runs, 0 hits, 0 errors, 0 left on base; Hendersonville 3 - Kalamazoo 6 |
BOTTOM OF THE 6TH |
Kalamazoo Royale with Cheese batting - Pitching for Hendersonville Hitmen : RHP Isaac Pope
|
Batting: LHB Gene Cooper
|
0-0: Fly out, F8 (Flyball, 8LM)
|
Batting: SHB Caden Keith
|
0-0: Swinging Strike 0-1: Ball 1-1: Fly out, F7 (Flyball, 7D)
|
Batting: LHB Roberto Sandoval
|
0-0: Ball 1-0: Ball 2-0: Foul Ball, location: 2F 2-1: Ground out 4-3 (Groundball, 34D)
|
Bottom of the 6th over - 0 runs, 0 hits, 0 errors, 0 left on base; Hendersonville 3 - Kalamazoo 6 |
TOP OF THE 7TH |
Hendersonville Hitmen batting - Pitching for Kalamazoo Royale with Cheese : LHP Octávio Ramírez
|
Batting: RHB Ron Glass
|
0-0: Ball 1-0: Called Strike 1-1: Ground out 4-3 (Groundball, 34)
|
Batting: LHB Milo Glenn
|
0-0: Called Strike 0-1: Swinging Strike 0-2: Ball 1-2: Ball 2-2: Foul Ball, location: 2F 2-2: Foul Ball, location: 2F 2-2: Strikes out swinging
|
Batting: SHB José Estreito
|
0-0: Hit by Pitch
|
Batting: LHB Miguel García
|
0-0: Ball José Estreito steals 2nd base 1-0: Called Strike 1-1: SINGLE (Flyball, 89S) José Estreito to third Runner from 3rd tries for Home, SAFE, no throw
|
Batting: SHB Félix Montoya
|
0-0: Ball 1-0: Single, Error in OF, E9, batter to second base Miguel García to third
|
Pinch Hitting: RHB Carlos Flores
|
0-0: DOUBLE (Groundball, 3L) Miguel García scores Félix Montoya scores
|
Pitching: RHP Armen Boyajian
|
|
Batting: LHB Robert Phillips
|
0-0: Called Strike 0-1: Ball 1-1: Called Strike 1-2: Fly out, F6 (Popup, 6M)
|
Top of the 7th over - 3 runs, 3 hits, 1 error, 1 left on base; Hendersonville 6 - Kalamazoo 6 |
BOTTOM OF THE 7TH |
Kalamazoo Royale with Cheese batting - Pitching for Hendersonville Hitmen : RHP Isaac Pope
|
Now in LF: Pedro Gonzáles
|
|
Batting: LHB Bob Smith
|
0-0: Ground out 4-3 (Groundball, 34)
|
Batting: RHB Marlon Phipps
|
0-0: Foul Ball, location: 2F 0-1: Ground out 6-3 (Groundball, 6)
|
Batting: RHB Zander Tremblett
|
0-0: Called Strike 0-1: Fly out, F8 (Flyball, 78D)
|
Bottom of the 7th over - 0 runs, 0 hits, 0 errors, 0 left on base; Hendersonville 6 - Kalamazoo 6 |
TOP OF THE 8TH |
Hendersonville Hitmen batting - Pitching for Kalamazoo Royale with Cheese : RHP Armen Boyajian
|
Batting: RHB Felipe Jareño
|
0-0: Foul Ball, location: 2F 0-1: Ball 1-1: Ball 2-1: Called Strike 2-2: Strikes out looking
|
Batting: SHB Rick Turner
|
0-0: Ball 1-0: Ball 2-0: Ball 3-0: Called Strike 3-1: Swinging Strike 3-2: DOUBLE (Line Drive, 78M)
|
Pinch Hitting: LHB Pedro Rodríguez
|
0-0: Intentional Walk
|
Pitching: LHP Carlos Thomas
|
|
Batting: LHB Milo Glenn
|
0-0: Ball 1-0: Called Strike 1-1: Foul Ball, location: 2F 1-2: Fielders Choice at 2nd, 1-6 (Groundball, P) Rick Turner to third
|
Pitching: RHP António Ojeda
|
|
Pinch Hitting: LHB José Berroa
|
0-0: Foul Ball, location: 2F 0-1: Ball 1-1: Ball 2-1: Foul Ball, location: 2F 2-2: Fielders Choice at 2nd, 6-4 (Groundball, 6)
|
Top of the 8th over - 0 runs, 1 hit, 0 errors, 2 left on base; Hendersonville 6 - Kalamazoo 6 |
BOTTOM OF THE 8TH |
Kalamazoo Royale with Cheese batting - Pitching for Hendersonville Hitmen : RHP Isaac Pope
|
Now at 3B: Boyd Pittman
|
|
Now in RF: José Berroa
|
|
Batting: LHB Bill McJannett
|
0-0: Ball 1-0: Ball 2-0: Ground out 4-3 (Groundball, 4S)
|
Batting: RHB Eichiro Yamamoto
|
0-0: Ball 1-0: Ball 2-0: Ground out 4-3 (Groundball, 4M)
|
Batting: RHB Millard Boyd
|
0-0: Ball 1-0: Foul Ball, location: 2F 1-1: Swinging Strike 1-2: Strikes out swinging
|
Bottom of the 8th over - 0 runs, 0 hits, 0 errors, 0 left on base; Hendersonville 6 - Kalamazoo 6 |
TOP OF THE 9TH |
Hendersonville Hitmen batting - Pitching for Kalamazoo Royale with Cheese : RHP António Ojeda
|
Pitching: RHP Víctor Reyes
|
|
Batting: LHB Miguel García
|
0-0: Ball 1-0: Foul Ball, location: 2F 1-1: Swinging Strike 1-2: Foul Ball, location: 2F 1-2: Ground out 1-3 (Groundball, 13S)
|
Batting: SHB Félix Montoya
|
0-0: Called Strike 0-1: Ball 1-1: Called Strike 1-2: Ball 2-2: Strikes out swinging
|
Batting: LHB Pedro Gonzáles
|
0-0: Ball 1-0: Called Strike 1-1: Swinging Strike 1-2: Ball 2-2: Strikes out looking
|
Top of the 9th over - 0 runs, 0 hits, 0 errors, 0 left on base; Hendersonville 6 - Kalamazoo 6 |
BOTTOM OF THE 9TH |
Kalamazoo Royale with Cheese batting - Pitching for Hendersonville Hitmen : RHP Isaac Pope
|
Pitching: RHP Ignacio Morales
|
|
Batting: LHB Gene Cooper
|
0-0: Foul Ball, location: 2F 0-1: Foul Ball, location: 2F 0-2: Ground out 4-3 (Groundball, 4)
|
Batting: SHB Caden Keith
|
0-0: Ball 1-0: Ball 2-0: Foul Ball, location: 2F 2-1: Ground out 4-3 (Groundball, 4)
|
Batting: LHB Roberto Sandoval
|
0-0: Foul Ball, location: 2F 0-1: Foul Ball, location: 2F 0-2: Foul Ball, location: 2F 0-2: Foul Ball, location: 2F 0-2: Ball 1-2: Foul Ball, location: 2F 1-2: Ball 2-2: Foul Ball, location: 2F 2-2: Ball 3-2: Foul Ball, location: 2F 3-2: SOLO HOME RUN (Line Drive, 9D), Distance : 381 ft
|
Saturday, April 7th, 2018 - OOTP Baseball 18.8 Build 76
|
|